Pick #1

Connor Bedard
Pick #2

Leo Carlsson
Pick #3

Adam Fantilli
Pick #4

Matvei Michkov
Pick #5

David Reinbacher
Pick #6

William Smith
Pick #7

Zachary Benson
Pick #8

Ryan Leonard
Pick #9

Gabriel Perreault
Pick #10

Axel Sandin-Pellika
Pick #11

Daniil But
Pick #12

Dalibor Dvorsky
Pick #13

Quentin Musty
Pick #14

Brayden Yager
Pick #15

Dmitry Simashev
Pick #16

Colby Barlow
Pick #17

Andrew Cristall
Pick #18

Easton Cowan
Pick #19

Jacob Fowler
Pick #20

Oliver Moore
Pick #21

Oliver Bonk
Pick #22

Tom Willander
Pick #23

Calum Ritchie
Pick #24

Tanner Molendyk
Pick #25

Gavin Brindley
Pick #26

Nate Danielson
Pick #27

Pick #28

Pick #29

Pick #30

Pick #31

Pick #32

Pick #33

Pick #34

Pick #35

Pick #36

Pick #37

Pick #38

Pick #39

Pick #40

Pick #41

Pick #42

Pick #43

Pick #44

Pick #45

Pick #46

Pick #47

Pick #48

Pick #49

Pick #50

Pick #51

Pick #52

Pick #53

Pick #54

Pick #55

Pick #56

Pick #57

Pick #58

Pick #59

Pick #60

Pick #61

Pick #62

Pick #63

Pick #64

Pick #65

Pick #66

Pick #67

Pick #68

Pick #69

Pick #70

Pick #71

Pick #72

Pick #73

Pick #74

Pick #75

Pick #76

Pick #77

Pick #78

Pick #79

Pick #80

Pick #81

Pick #82

Pick #83

Pick #84

Pick #85

Pick #86

Pick #87

Pick #88

Pick #89

Pick #90

Pick #91

Pick #92

Pick #93

Pick #94

Pick #95

Pick #96

Pick #97

Pick #98

Pick #99

Pick #100

Pick #101

Pick #102

Pick #103

Pick #104

Pick #105

Pick #106

Pick #107

Pick #108

Pick #109

Pick #110

Pick #111

Pick #112

Pick #113

Pick #114

Pick #115

Pick #116

Pick #117

Pick #118

Pick #119

Pick #120

Pick #121

Pick #122

Pick #123

Pick #124

Pick #125

Pick #126

Pick #127

Pick #128

Pick #129

Pick #130

Full Scoreboard »»

Ducks vs Rangers

Created - December 10, 2023 at 21:56

Goals
1 2 3 T
Ducks 0 2 3 5
Rangers 1 0 0 1
Shots
1 2 3 T
Ducks 3 14 8 25
Rangers 7 6 4 17

GoalsPenalties
1st period
1. Rangers , Artem Zub 6 (Casey Mittelstadt 10, Yegor Chinakhov 6) at 10:56 (PP)
Phillip Danault (ANA) for Hooking (Minor) at 1:53
Zach Hyman (ANA) for High sticking (Minor) at 9:32
Travis Boyd (ANA) for Hooking (Minor) at 12:27
Jesse Puljujarvi (NYR) for High sticking (Minor) at 14:50
2nd period
2. Ducks , Zach Hyman 10 (Adam Fox 18, Rasmus Dahlin 17) at 12:07
3. Ducks , Phillip Danault 8 (Tyson Barrie 7, Moritz Seider 14) at 17:08 (PP)
Luke Kunin (NYR) for Holding (Minor) at 15:19
Casey Mittelstadt (NYR) for Interference (Minor) at 18:55
3rd period
4. Ducks , Pierre-Luc Dubois 3 (Phillip Danault 13) at 1:43
5. Ducks , Adrian Kempe 9 (Moritz Seider 15, Tyson Barrie 8) at 9:15
6. Ducks , Moritz Seider 4 (Claude Giroux 5, Tyson Barrie 9) at 13:41 (PP)
Ryan Lomberg (NYR) for Interference (Minor) at 13:23
Luke Schenn (NYR) for Interference (Minor) at 18:55
Phillip Danault (ANA) for Elbowing (Minor) at 18:55
Goalie Stats
Frederik Andersen (ANA), 16 saves from 17 shots - (0.941), W, 15-8-3, 60:00 minutes
Alex Nedeljkovic (NYR), 20 saves from 25 shots - (0.800), L, 3-5-2, 60:00 minutes
3 StarsOfficial
1 - Moritz Seider (ANA)
2 - Tyson Barrie (ANA)
3 - Adrian Kempe (ANA)
Referees : Kenny Anderson and Tom Chmielewski
Linesman : Kyle Flemington and Vaughan Rody
Game Note
No Game Note
Finance
Level 1 -- Attendance: 6312 (97.11%) -- Ticket Income $725,880
Level 2 -- Attendance: 3782 (75.64%) -- Ticket Income $359,290
Level 3 -- Attendance: 3158 (90.23%) -- Ticket Income $221,060
Level 4 -- Attendance: 2006 (100.00%) -- Ticket Income $100,300
Luxury Box -- Attendance: 1000 (100.00%) -- Ticket Income $200,000
Game was played at the Madison Square Garden.
Total Attendance: 16258 (90.29%)
Total Ticket Income: $1,606,530
Other Income: $401,632
Total Income: $2,008,162



Team Name Goals Shots Shots Attemp Shots Blocked PIM HIT PP PK FO%
Ducks 5255078162 / 4 (50%)156%
Rangers 11741610201 / 3 (33%)244%

Ducks
Player Name POS G A P +/- PIM HIT SHT SB MP PP MP PP SHT PK MP PK SHT FO% FOT
Adam FoxD0111010226:023:4203:3300% 0
Adrian KempeRW1011033020:002:2401:52033% 3
Brayden McNabbD0001011111:360:0000:0000% 0
Claude GirouxRW0110010010:563:1103:21050% 4
Jack JohnsonD000000004:280:0000:0000% 0
Jason RobertsonLW0001003021:363:1120:0900% 1
Joe PavelskiC0001011020:353:1102:12067% 21
Mats ZuccarelloRW0001001014:580:3000:000100% 3
Moritz SeiderD1231012222:222:2311:4900% 0
Nikolaj EhlersLW000000103:200:0000:0000% 0
Patrick KaneRW0001012014:450:0000:00067% 3
Phillip DanaultC1121415019:362:5412:16057% 21
Pierre-Luc DuboisLW1011014014:280:0000:0000% 0
Rasmus DahlinD0111011126:023:4213:3300% 0
Ryan McDonaghD000101007:080:0000:0000% 0
Travis BoydC0001200015:380:0000:54042% 12
Tyson BarrieD0331010122:222:2301:4900% 0
Zach HymanLW1011221017:382:5400:00033% 3
Rangers
Player Name POS G A P +/- PIM HIT SHT SB MP PP MP PP SHT PK MP PK SHT FO% FOT
Adam ErneLW000-1002015:150:2000:390100% 1
Anthony BeauvillierLW000-2002015:051:4910:0000% 0
Artem ZubD101-1011122:332:2813:2600% 0
Caleb JonesD000-1000117:080:2002:3900% 0
Casey MittelstadtC0110200017:463:1301:42041% 17
Eric RobinsonLW0000001019:023:1302:5700% 1
Jack QuinnRW000-1000014:360:2000:0000% 0
Jesse PuljujarviRW000-2214023:321:4901:23050% 2
Juuso ParssinenC000000108:430:0000:3400% 2
Kent JohnsonC000000000:000:0000:0000% 0
Luke KuninC000-1253016:290:2011:54060% 15
Luke SchennD000-1210020:182:3400:0000% 0
Mario FerraroD000-1001023:182:5412:3900% 0
Martin FehervaryD000-1040422:332:2803:2600% 0
Nick BoninoC000-2010018:061:4903:01038% 29
Riley StillmanD000-1021014:090:0000:0000% 0
Ryan LombergLW000020008:080:0000:0000% 1
Yegor ChinakhovRW0110051016:053:1300:00067% 3



Play-by-Play

1st period


0:01 of 1st period - Joe Pavelski wins face-off versus Nick Bonino in neutral zone.
1:53 of 1st period - Minor Penalty to Phillip Danault for Hooking.
1:54 of 1st period - Casey Mittelstadt wins face-off versus Joe Pavelski in Ducks zone.
2:56 of 1st period - Shot by Mario Ferraro.
2:56 of 1st period - Shot Misses the Net.
2:58 of 1st period - Shot by Luke Kunin.
2:58 of 1st period - Stopped by Frederik Andersen without a rebound.
2:59 of 1st period - Casey Mittelstadt wins face-off versus Travis Boyd in Ducks zone.
3:02 of 1st period - Shot by Yegor Chinakhov.
3:02 of 1st period - Deflect By Casey Mittelstadt.
3:02 of 1st period - Shot Hit the Post.
3:46 of 1st period - Shot by Jesse Puljujarvi.
3:46 of 1st period - Shot Blocked by Adam Fox.
4:13 of 1st period - Ryan McDonagh is hit by Luke Kunin and loses puck.
4:17 of 1st period - Ryan McDonagh is hit by Riley Stillman and loses puck.
4:24 of 1st period - Shot by Phillip Danault.
4:24 of 1st period - Stopped by Alex Nedeljkovic without a rebound.
4:25 of 1st period - Jesse Puljujarvi wins face-off versus Claude Giroux in Rangers zone.
4:40 of 1st period - Shot by Jason Robertson.
4:40 of 1st period - Shot Misses the Net.
4:42 of 1st period - Shot by Tyson Barrie.
4:42 of 1st period - Shot Misses the Net.
4:52 of 1st period - Shot by Nikolaj Ehlers.
4:52 of 1st period - Shot Misses the Net.
5:28 of 1st period - Shot by Adam Erne.
5:28 of 1st period - Shot Blocked by Brayden McNabb.
5:46 of 1st period - Shot by Luke Kunin.
5:46 of 1st period - Shot Misses the Net.
5:52 of 1st period - Brayden McNabb is hit by Luke Kunin and loses puck.
6:21 of 1st period - Pierre-Luc Dubois is hit by Martin Fehervary and loses puck.
7:00 of 1st period - Patrick Kane is hit by Martin Fehervary and loses puck.
7:50 of 1st period - Shot by Adrian Kempe.
7:50 of 1st period - Stopped by Alex Nedeljkovic with a rebound.
7:52 of 1st period - Shot by Tyson Barrie.
7:52 of 1st period - Shot Misses the Net.
8:44 of 1st period - Jack Quinn is hit by Brayden McNabb and loses puck.
8:50 of 1st period - Jack Quinn is hit by Ryan McDonagh and loses puck.
9:31 of 1st period - Artem Zub is hit by Patrick Kane and loses puck.
9:32 of 1st period - Minor Penalty to Zach Hyman for High sticking.
9:33 of 1st period - Nick Bonino wins face-off versus Phillip Danault in Ducks zone.
9:36 of 1st period - Shot by Mario Ferraro.
9:36 of 1st period - Shot Blocked by Moritz Seider.
9:38 of 1st period - Shot by Luke Schenn.
9:38 of 1st period - Shot Hit the Post.
9:40 of 1st period - Shot by Mario Ferraro.
9:40 of 1st period - Shot Blocked by Moritz Seider.
9:59 of 1st period - Icing by Luke Schenn.
10:00 of 1st period - Joe Pavelski wins face-off versus Nick Bonino in Rangers zone.
10:30 of 1st period - Icing by Artem Zub.
10:31 of 1st period - Casey Mittelstadt wins face-off versus Phillip Danault in Rangers zone.
10:56 of 1st period - Shot by Artem Zub.
10:56 of 1st period - Goal by Artem Zub - Ducks : 0 - Rangers : 1.
10:57 of 1st period - Joe Pavelski wins face-off versus Luke Kunin in neutral zone.
11:12 of 1st period - Shot by Adam Erne.
11:12 of 1st period - Shot Misses the Net.
11:36 of 1st period - Shot by Adrian Kempe.
11:36 of 1st period - Shot Blocked by Caleb Jones.
12:23 of 1st period - Shot by Jesse Puljujarvi.
12:23 of 1st period - Stopped by Frederik Andersen without a rebound.
12:24 of 1st period - Patrick Kane wins face-off versus Yegor Chinakhov in Ducks zone.
12:24 of 1st period - Patrick Kane is hit by Yegor Chinakhov.
12:27 of 1st period - Minor Penalty to Travis Boyd for Hooking.
12:28 of 1st period - Yegor Chinakhov wins face-off versus Phillip Danault in Ducks zone.
13:05 of 1st period - Rasmus Dahlin is hit by Yegor Chinakhov and loses puck.
13:10 of 1st period - Shot by Yegor Chinakhov.
13:10 of 1st period - Shot Misses the Net.
13:12 of 1st period - Shot by Eric Robinson.
13:12 of 1st period - Shot Misses the Net.
13:26 of 1st period - Shot by Anthony Beauvillier.
13:26 of 1st period - Stopped by Frederik Andersen without a rebound.
13:27 of 1st period - Nick Bonino wins face-off versus Phillip Danault in Ducks zone.
13:40 of 1st period - Shot by Mario Ferraro.
13:40 of 1st period - Shot Blocked by Tyson Barrie.
13:42 of 1st period - Shot by Nick Bonino.
13:42 of 1st period - Deflect By Jesse Puljujarvi.
13:42 of 1st period - Shot Misses the Net.
14:00 of 1st period - Shot by Nick Bonino.
14:00 of 1st period - Shot Misses the Net.
14:02 of 1st period - Shot by Mario Ferraro.
14:02 of 1st period - Stopped by Frederik Andersen without a rebound.
14:03 of 1st period - Phillip Danault wins face-off versus Eric Robinson in Ducks zone.
14:18 of 1st period - Icing by Artem Zub.
14:19 of 1st period - Casey Mittelstadt wins face-off versus Phillip Danault in Rangers zone.
14:48 of 1st period - Shot by Adam Erne.
14:48 of 1st period - Stopped by Frederik Andersen without a rebound.
14:49 of 1st period - Joe Pavelski wins face-off versus Jesse Puljujarvi in Ducks zone.
14:49 of 1st period - Joe Pavelski is hit by Jesse Puljujarvi.
14:50 of 1st period - Minor Penalty to Jesse Puljujarvi for High sticking.
14:51 of 1st period - Joe Pavelski wins face-off versus Nick Bonino in Rangers zone.
15:04 of 1st period - Shot by Rasmus Dahlin.
15:04 of 1st period - Stopped by Alex Nedeljkovic without a rebound.
15:05 of 1st period - Phillip Danault wins face-off versus Luke Kunin in Rangers zone.
16:12 of 1st period - Nick Bonino is hit by Claude Giroux and loses puck.
16:20 of 1st period - Icing by Jason Robertson.
16:21 of 1st period - Luke Kunin wins face-off versus Joe Pavelski in Ducks zone.
16:44 of 1st period - Shot by Jason Robertson.
16:44 of 1st period - Deflect By Claude Giroux.
16:44 of 1st period - Shot Blocked by Artem Zub.
17:16 of 1st period - Shot by Juuso Parssinen.
17:16 of 1st period - Stopped by Frederik Andersen without a rebound.
17:17 of 1st period - Phillip Danault wins face-off versus Casey Mittelstadt in Ducks zone.
17:25 of 1st period - Off-side.
17:26 of 1st period - Phillip Danault wins face-off versus Casey Mittelstadt in neutral zone.
17:33 of 1st period - Shot by Phillip Danault.
17:33 of 1st period - Shot Misses the Net.
17:35 of 1st period - Shot by Adam Fox.
17:35 of 1st period - Shot Misses the Net.
17:37 of 1st period - Shot by Phillip Danault.
17:37 of 1st period - Shot Misses the Net.
17:39 of 1st period - Shot by Mats Zuccarello.
17:39 of 1st period - Shot Blocked by Martin Fehervary.
17:41 of 1st period - Shot by Phillip Danault.
17:41 of 1st period - Shot Misses the Net.
17:43 of 1st period - Shot by Pierre-Luc Dubois.
17:43 of 1st period - Shot Blocked by Martin Fehervary.
19:00 of 1st period - Off-side.
19:01 of 1st period - Luke Kunin wins face-off versus Travis Boyd in neutral zone.
19:18 of 1st period - Shot by Jack Quinn.
19:18 of 1st period - Shot Misses the Net.
Goals for this period are 0 for Ducks vs 1 for Rangers.
Shots for this period are 3 for Ducks vs 7 for Rangers.

2nd period


0:01 of 2nd period - Joe Pavelski wins face-off versus Nick Bonino in neutral zone.
0:06 of 2nd period - Shot by Adrian Kempe.
0:06 of 2nd period - Shot Misses the Net.
0:14 of 2nd period - Shot by Jason Robertson.
0:14 of 2nd period - Stopped by Alex Nedeljkovic without a rebound.
0:15 of 2nd period - Mats Zuccarello wins face-off versus Casey Mittelstadt in Rangers zone.
0:16 of 2nd period - Shot by Moritz Seider.
0:16 of 2nd period - Shot Misses the Net.
0:48 of 2nd period - Shot by Pierre-Luc Dubois.
0:48 of 2nd period - Stopped by Alex Nedeljkovic without a rebound.
0:49 of 2nd period - Joe Pavelski wins face-off versus Nick Bonino in Rangers zone.
2:01 of 2nd period - Off-side.
2:02 of 2nd period - Phillip Danault wins face-off versus Casey Mittelstadt in neutral zone.
2:07 of 2nd period - Shot by Mats Zuccarello.
2:07 of 2nd period - Stopped by Alex Nedeljkovic without a rebound.
2:08 of 2nd period - Travis Boyd wins face-off versus Casey Mittelstadt in Rangers zone.
2:41 of 2nd period - Shot by Zach Hyman.
2:41 of 2nd period - Shot Blocked by Martin Fehervary.
3:04 of 2nd period - Eric Robinson is hit by Joe Pavelski and loses puck.
4:09 of 2nd period - Icing by Anthony Beauvillier.
4:10 of 2nd period - Phillip Danault wins face-off versus Nick Bonino in Rangers zone.
4:11 of 2nd period - Shot by Brayden McNabb.
4:11 of 2nd period - Stopped by Alex Nedeljkovic without a rebound.
4:12 of 2nd period - Phillip Danault wins face-off versus Nick Bonino in Rangers zone.
4:25 of 2nd period - Shot by Mats Zuccarello.
4:25 of 2nd period - Shot Misses the Net.
4:51 of 2nd period - Icing by Jesse Puljujarvi.
4:52 of 2nd period - Travis Boyd wins face-off versus Nick Bonino in Rangers zone.
5:16 of 2nd period - Off-side.
5:17 of 2nd period - Yegor Chinakhov wins face-off versus Adrian Kempe in neutral zone.
5:44 of 2nd period - Shot by Casey Mittelstadt.
5:44 of 2nd period - Shot Misses the Net.
5:46 of 2nd period - Shot by Riley Stillman.
5:46 of 2nd period - Stopped by Frederik Andersen without a rebound.
5:47 of 2nd period - Luke Kunin wins face-off versus Phillip Danault in Ducks zone.
5:47 of 2nd period - Luke Kunin is hit by Tyson Barrie.
6:06 of 2nd period - Shot by Phillip Danault.
6:06 of 2nd period - Stopped by Alex Nedeljkovic without a rebound.
6:07 of 2nd period - Patrick Kane wins face-off versus Ryan Lomberg in Rangers zone.
6:24 of 2nd period - Shot by Jesse Puljujarvi.
6:24 of 2nd period - Shot Blocked by Adam Fox.
6:26 of 2nd period - Shot by Mario Ferraro.
6:26 of 2nd period - Shot Misses the Net.
6:32 of 2nd period - Shot by Jesse Puljujarvi.
6:32 of 2nd period - Stopped by Frederik Andersen without a rebound.
6:33 of 2nd period - Adam Erne wins face-off versus Phillip Danault in Ducks zone.
7:04 of 2nd period - Shot by Phillip Danault.
7:04 of 2nd period - Shot Blocked by Martin Fehervary.
7:35 of 2nd period - Icing by Anthony Beauvillier.
7:36 of 2nd period - Nick Bonino wins face-off versus Joe Pavelski in Rangers zone.
8:12 of 2nd period - Shot by Nick Bonino.
8:12 of 2nd period - Deflect By Anthony Beauvillier.
8:12 of 2nd period - Stopped by Frederik Andersen without a rebound.
8:13 of 2nd period - Casey Mittelstadt wins face-off versus Zach Hyman in Ducks zone.
8:24 of 2nd period - Shot by Patrick Kane.
8:24 of 2nd period - Stopped by Alex Nedeljkovic without a rebound.
8:25 of 2nd period - Phillip Danault wins face-off versus Luke Kunin in Rangers zone.
9:43 of 2nd period - Tyson Barrie is hit by Luke Schenn and loses puck.
10:33 of 2nd period - Zach Hyman is hit by Riley Stillman and loses puck.
10:46 of 2nd period - Shot by Patrick Kane.
10:46 of 2nd period - Stopped by Alex Nedeljkovic without a rebound.
10:47 of 2nd period - Luke Kunin wins face-off versus Joe Pavelski in Rangers zone.
11:00 of 2nd period - Artem Zub is hit by Adrian Kempe and loses puck.
11:21 of 2nd period - Artem Zub is hit by Adrian Kempe and loses puck.
11:53 of 2nd period - Icing by Rasmus Dahlin.
11:54 of 2nd period - Nick Bonino wins face-off versus Travis Boyd in Ducks zone.
11:57 of 2nd period - Shot by Jesse Puljujarvi.
11:57 of 2nd period - Stopped by Frederik Andersen without a rebound.
11:58 of 2nd period - Travis Boyd wins face-off versus Nick Bonino in Ducks zone.
12:07 of 2nd period - Shot by Zach Hyman.
12:07 of 2nd period - Goal by Zach Hyman - Ducks : 1 - Rangers : 1.
12:08 of 2nd period - Claude Giroux wins face-off versus Juuso Parssinen in neutral zone.
12:23 of 2nd period - Shot by Jesse Puljujarvi.
12:23 of 2nd period - Shot Misses the Net.
12:36 of 2nd period - Ryan Lomberg is hit by Adam Fox and loses puck.
13:34 of 2nd period - Shot by Zach Hyman.
13:34 of 2nd period - Shot Misses the Net.
13:36 of 2nd period - Shot by Moritz Seider.
13:36 of 2nd period - Stopped by Alex Nedeljkovic with a rebound.
14:11 of 2nd period - Shot by Phillip Danault.
14:11 of 2nd period - Shot Misses the Net.
14:13 of 2nd period - Shot by Phillip Danault.
14:13 of 2nd period - Shot Misses the Net.
14:15 of 2nd period - Shot by Phillip Danault.
14:15 of 2nd period - Stopped by Alex Nedeljkovic with a rebound.
14:17 of 2nd period - Shot by Pierre-Luc Dubois.
14:17 of 2nd period - Stopped by Alex Nedeljkovic without a rebound.
14:18 of 2nd period - Nick Bonino wins face-off versus Joe Pavelski in Rangers zone.
14:26 of 2nd period - Icing by Adam Fox.
14:27 of 2nd period - Nick Bonino wins face-off versus Joe Pavelski in Ducks zone.
14:46 of 2nd period - Shot by Adrian Kempe.
14:46 of 2nd period - Shot Misses the Net.
15:19 of 2nd period - Minor Penalty to Luke Kunin for Holding.
15:20 of 2nd period - Nick Bonino wins face-off versus Phillip Danault in Rangers zone.
15:31 of 2nd period - Tyson Barrie is hit by Nick Bonino and loses puck.
16:38 of 2nd period - Shot by Jason Robertson.
16:38 of 2nd period - Stopped by Alex Nedeljkovic without a rebound.
16:39 of 2nd period - Nick Bonino wins face-off versus Zach Hyman in Rangers zone.
17:08 of 2nd period - Shot by Phillip Danault.
17:08 of 2nd period - Goal by Phillip Danault - Ducks : 2 - Rangers : 1.
17:09 of 2nd period - Luke Kunin wins face-off versus Claude Giroux in neutral zone.
17:22 of 2nd period - Shot by Luke Kunin.
17:22 of 2nd period - Shot Misses the Net.
17:46 of 2nd period - Shot by Jack Quinn.
17:46 of 2nd period - Shot Misses the Net.
17:48 of 2nd period - Shot by Luke Kunin.
17:48 of 2nd period - Stopped by Frederik Andersen with a rebound.
17:50 of 2nd period - Shot by Luke Kunin.
17:50 of 2nd period - Stopped by Frederik Andersen without a rebound.
17:51 of 2nd period - Zach Hyman wins face-off versus Nick Bonino in Ducks zone.
18:05 of 2nd period - Off-side.
18:06 of 2nd period - Phillip Danault wins face-off versus Juuso Parssinen in neutral zone.
18:29 of 2nd period - Martin Fehervary is hit by Phillip Danault and loses puck.
18:35 of 2nd period - Artem Zub is hit by Moritz Seider and loses puck.
18:55 of 2nd period - Minor Penalty to Casey Mittelstadt for Interference.
18:56 of 2nd period - Joe Pavelski wins face-off versus Luke Kunin in Rangers zone.
19:15 of 2nd period - Shot by Jason Robertson.
19:15 of 2nd period - Stopped by Alex Nedeljkovic without a rebound.
19:16 of 2nd period - Nick Bonino wins face-off versus Phillip Danault in Rangers zone.
Goals for this period are 2 for Ducks vs 0 for Rangers.
Shots for this period are 14 for Ducks vs 6 for Rangers.

3rd period


0:01 of 3rd period - Joe Pavelski wins face-off versus Nick Bonino in neutral zone.
0:13 of 3rd period - Shot by Luke Kunin.
0:13 of 3rd period - Shot Blocked by Rasmus Dahlin.
1:37 of 3rd period - Icing by Mario Ferraro.
1:38 of 3rd period - Phillip Danault wins face-off versus Casey Mittelstadt in Rangers zone.
1:41 of 3rd period - Shot by Phillip Danault.
1:41 of 3rd period - Stopped by Alex Nedeljkovic without a rebound.
1:42 of 3rd period - Phillip Danault wins face-off versus Nick Bonino in Rangers zone.
1:43 of 3rd period - Shot by Pierre-Luc Dubois.
1:43 of 3rd period - Goal by Pierre-Luc Dubois - Ducks : 3 - Rangers : 1.
1:44 of 3rd period - Phillip Danault wins face-off versus Nick Bonino in neutral zone.
2:21 of 3rd period - Shot by Anthony Beauvillier.
2:21 of 3rd period - Deflect By Jesse Puljujarvi.
2:21 of 3rd period - Stopped by Frederik Andersen without a rebound.
2:22 of 3rd period - Joe Pavelski wins face-off versus Luke Kunin in Ducks zone.
2:22 of 3rd period - Joe Pavelski is hit by Luke Kunin.
2:27 of 3rd period - Adrian Kempe is hit by Luke Kunin and loses puck.
2:57 of 3rd period - Shot by Adam Erne.
2:57 of 3rd period - Stopped by Frederik Andersen without a rebound.
2:58 of 3rd period - Casey Mittelstadt wins face-off versus Travis Boyd in Ducks zone.
3:10 of 3rd period - Icing by Luke Schenn.
3:11 of 3rd period - Mats Zuccarello wins face-off versus Casey Mittelstadt in Rangers zone.
3:37 of 3rd period - Shot by Eric Robinson.
3:37 of 3rd period - Stopped by Frederik Andersen without a rebound.
3:38 of 3rd period - Joe Pavelski wins face-off versus Nick Bonino in Ducks zone.
4:01 of 3rd period - Adrian Kempe is hit by Martin Fehervary and loses puck.
4:08 of 3rd period - Shot by Rasmus Dahlin.
4:08 of 3rd period - Shot Misses the Net.
4:14 of 3rd period - Shot by Jason Robertson.
4:14 of 3rd period - Shot Misses the Net.
4:16 of 3rd period - Shot by Adrian Kempe.
4:16 of 3rd period - Stopped by Alex Nedeljkovic with a rebound.
4:51 of 3rd period - Zach Hyman is hit by Martin Fehervary and loses puck.
5:05 of 3rd period - Icing by Moritz Seider.
5:06 of 3rd period - Luke Kunin wins face-off versus Travis Boyd in Ducks zone.
5:17 of 3rd period - Adam Erne is hit by Zach Hyman.
5:23 of 3rd period - Caleb Jones is hit by Zach Hyman and loses puck.
5:36 of 3rd period - Shot by Pierre-Luc Dubois.
5:36 of 3rd period - Stopped by Alex Nedeljkovic without a rebound.
5:37 of 3rd period - Joe Pavelski wins face-off versus Casey Mittelstadt in Rangers zone.
5:54 of 3rd period - Adam Fox is hit by Yegor Chinakhov and loses puck.
6:22 of 3rd period - Casey Mittelstadt is hit by Rasmus Dahlin and loses puck.
6:57 of 3rd period - Caleb Jones is hit by Pierre-Luc Dubois and loses puck.
7:28 of 3rd period - Shot by Jesse Puljujarvi.
7:28 of 3rd period - Shot Misses the Net.
7:48 of 3rd period - Shot by Juuso Parssinen.
7:48 of 3rd period - Deflect By Jesse Puljujarvi.
7:48 of 3rd period - Shot Misses the Net.
8:10 of 3rd period - Shot by Eric Robinson.
8:10 of 3rd period - Deflect By Yegor Chinakhov.
8:10 of 3rd period - Stopped by Frederik Andersen without a rebound.
8:11 of 3rd period - Casey Mittelstadt wins face-off versus Travis Boyd in Ducks zone.
8:20 of 3rd period - Rasmus Dahlin is hit by Yegor Chinakhov and loses puck.
8:56 of 3rd period - Off-side.
8:57 of 3rd period - Luke Kunin wins face-off versus Jason Robertson in neutral zone.
9:04 of 3rd period - Tyson Barrie is hit by Luke Kunin and loses puck.
9:15 of 3rd period - Shot by Adrian Kempe.
9:15 of 3rd period - Goal by Adrian Kempe - Ducks : 4 - Rangers : 1.
9:16 of 3rd period - Claude Giroux wins face-off versus Nick Bonino in neutral zone.
9:27 of 3rd period - Shot by Nikolaj Ehlers.
9:27 of 3rd period - Stopped by Alex Nedeljkovic without a rebound.
9:28 of 3rd period - Luke Kunin wins face-off versus Travis Boyd in Rangers zone.
9:32 of 3rd period - Icing by Caleb Jones.
9:33 of 3rd period - Joe Pavelski wins face-off versus Luke Kunin in Rangers zone.
10:48 of 3rd period - Artem Zub is hit by Adrian Kempe and loses puck.
11:11 of 3rd period - Moritz Seider is hit by Artem Zub and loses puck.
11:27 of 3rd period - Icing by Tyson Barrie.
11:28 of 3rd period - Travis Boyd wins face-off versus Casey Mittelstadt in Ducks zone.
11:28 of 3rd period - Travis Boyd is hit by Yegor Chinakhov.
11:44 of 3rd period - Icing by Moritz Seider.
11:45 of 3rd period - Luke Kunin wins face-off versus Patrick Kane in Ducks zone.
13:23 of 3rd period - Minor Penalty to Ryan Lomberg for Interference.
13:24 of 3rd period - Nick Bonino wins face-off versus Joe Pavelski in Rangers zone.
13:41 of 3rd period - Shot by Moritz Seider.
13:41 of 3rd period - Goal by Moritz Seider - Ducks : 5 - Rangers : 1.
13:42 of 3rd period - Travis Boyd wins face-off versus Casey Mittelstadt in neutral zone.
15:44 of 3rd period - Icing by Artem Zub.
15:45 of 3rd period - Mats Zuccarello wins face-off versus Nick Bonino in Rangers zone.
17:52 of 3rd period - Shot by Jason Robertson.
17:52 of 3rd period - Shot Misses the Net.
18:55 of 3rd period - Minor Penalty to Luke Schenn for Interference.
18:55 of 3rd period - Minor Penalty to Phillip Danault for Elbowing.
18:56 of 3rd period - Nick Bonino wins face-off versus Adrian Kempe in Rangers zone.
19:20 of 3rd period - Icing by Martin Fehervary.
19:21 of 3rd period - Joe Pavelski wins face-off versus Nick Bonino in Rangers zone.
19:36 of 3rd period - Shot by Joe Pavelski.
19:36 of 3rd period - Stopped by Alex Nedeljkovic without a rebound.
19:37 of 3rd period - Adrian Kempe wins face-off versus Nick Bonino in Rangers zone.
19:58 of 3rd period - Shot by Claude Giroux.
19:58 of 3rd period - Shot Misses the Net.
Goals for this period are 3 for Ducks vs 0 for Rangers.
Shots for this period are 8 for Ducks vs 4 for Rangers.